 Dungeon Crawl Stone Soup version 0.29.0-4-gdea44cf6ec (webtiles) character file.

Game seed: 1771174466382662056

84 qw the Chopper (level 4, -4/26 HPs)
             Began as a Tengu Warper on Aug 28, 2022.
             Slain by a yak (7 damage)
             ... on level 5 of the Dungeon.
             The game lasted 00:00:15 (3105 turns).

qw the Chopper (Tengu Warper)                       Turns: 3105, Time: 00:00:16

Health: -4/26      AC:  8    Str: 13    XL:     4   Next: 45%
Magic:  8/8        EV:  6    Int: 13    God:
Gold:   122        SH:  0    Dex: 14    Spells: 7/7 levels left

rFire   . . .      SeeInvis .   Y - +0 hand axe
rCold   + . .      Faith    .   (no shield)
rNeg    . . .      Spirit   .   f - +0 chain mail
rPois   .          Reflect  .   (helmet restricted)
rElec   .          Harm     .   (no cloak)
rCorr   .          Rampage  .   (no gloves)
Will    +....                   (boots unavailable)
Stlth   ..........              (no amulet)
HPRegen 0.08/turn               k - ring of willpower
MPRegen 0.11/turn               a - ring of protection from cold

@: no status effects
A: beak, talons 3
a: no special abilities


You were on level 5 of the Dungeon.
You visited 1 branch of the dungeon, and saw 4 of its levels.

You collected 122 gold pieces.


Innate Abilities, Weirdness & Mutations

You have a beak for a mouth.
You have claws for feet.


   Skills:
 - Level 2.0 Fighting
 + Level 5.0 Axes
 - Level 1.0 Throwing
 - Level 1.1 Armour
 - Level 2.1 Dodging
 - Level 2.0 Spellcasting
 - Level 2.4 Translocations


You had 7 spell levels left.
You didn't know any spells.
Your spell library contained the following spells:

 Spells                   Type           Power      Damage    Failure   Level
 Blink                    Tloc           14%        N/A       99%         2
 Gell's Gravitas          Tloc           7%         N/A       100%        3
 Lesser Beckoning         Tloc           7%         N/A       100%        3
 Teleport Other           Tloc           7%         N/A       100%        3
 Manifold Assault         Tloc           7%         N/A       100%        5

Inventory:

Hand Weapons
 b - a +0 whip
 Y - a +0 hand axe (weapon)
Armour
 f - a +0 chain mail (worn)
Jewellery
 a - a ring of protection from cold (right hand)
 k - a ring of willpower (left hand)
Potions
 c - a potion of degeneration {unknown}
 g - a potion of haste {unknown}
 j - 2 potions of curing

Dungeon Overview and Level Annotations

Branches:
Dungeon (3/15)

Altars:

Annotations:
D:2 1 runed translucent door, Crazy Yiuf


Message History

(1) D:2 (2) D:3 Assign waypoint to what number? (0-9, D - delete waypoint) Waypoint 1 re-assigned from D:2 to D:5.
A yak comes into view.
A yak comes into view.
You barely miss the yak. Your kick misses the yak.
The yak gores you but does no damage.
You barely miss the yak. You claw the yak.
The yak is lightly wounded.
The yak barely misses you.
A yak comes into view.
3096 ||| Stepping ~*~*~tactically~*~*~ (stealth).
You hit the yak. You peck the yak, but do no damage.
The yak is lightly wounded.
The yak gores you!
You hit the yak but do no damage. Your peck misses the yak.
The yak is lightly wounded.
The yak gores you but does no damage.
You hit the yak. You claw the yak, but do no damage. Your peck misses the yak.
The yak is lightly wounded.
The yak closely misses you.
You hit the yak. You claw the yak. You peck the yak, but do no damage.
The yak is moderately wounded.
The yak gores you.
You hit the yak. Your peck misses the yak. You punch the yak.
The yak is heavily wounded.
The yak gores you but does no damage.
You hit the yak. You claw the yak.
The yak is severely wounded.
The yak gores you.
You barely miss the yak. You peck the yak.
The yak is severely wounded.
The yak gores you but does no damage.
You barely miss the yak. You peck the yak, but do no damage.
The yak is severely wounded.
The yak gores you!
You hit the yak but do no damage. You claw the yak, but do no damage.
The yak is severely wounded.
The yak gores you!
You die...

..# ##
..# Y
...# #.
...#
Y###...#
YY...#
#YY..#
#Y# #@#
#.# #.#
#.# #.#
#.# #.#
#.# #.#


You could see 5 yaks.

Vanquished Creatures
  2 adders (D:2)
  A worm (D:2)
  2 dart slugs
  5 ball pythons
  5 bats
  7 endoplasms
  2 giant cockroaches (D:1)
  4 goblins (D:1)
  7 hobgoblins
  3 jackals (D:1)
  5 kobolds
  2 quokkas
  3 frilled lizards
  3 rats
51 creatures vanquished.

Notes
Turn   | Place    | Note
-------+----------+-------------------------------------------
     0 | D:1      | qw the Tengu Warper began the quest for the Orb.
     0 | D:1      | Reached XP level 1. HP: 12/12 MP: 4/4
     0 | D:1      | 0 ||| qw: Version: 0.1-a-89-g26bdef1
     0 | D:1      | 0 ||| qw: Game counter: 2397
     0 | D:1      | 0 ||| qw: Always use a shield: true
     0 | D:1      | 0 ||| qw: God list: Okawaru
     0 | D:1      | 0 ||| qw: Allow faded altars: false
     0 | D:1      | 0 ||| qw: Do Orc after D:15 true
     0 | D:1      | 0 ||| qw: Do second Lair branch before Depths: true
     0 | D:1      | 0 ||| qw: Lair rune preference: random
     0 | D:1      | 0 ||| qw: Plans: Normal
     0 | D:1      | 0 ||| PLANNING D:1-11
   212 | D:1      | Reached XP level 2. HP: 17/17 MP: 6/6
   218 | D:1      | Reached skill level 3 in Axes
   444 | D:1      | 444 ||| Stepping ~*~*~tactically~*~*~ (stealth).
   454 | D:1      | 454 ||| Stepping ~*~*~tactically~*~*~ (stealth).
   456 | D:1      | 456 ||| Stepping ~*~*~tactically~*~*~ (stealth).
   458 | D:1      | 458 ||| Stepping ~*~*~tactically~*~*~ (stealth).
   461 | D:1      | 461 ||| Stepping ~*~*~tactically~*~*~ (stealth).
   463 | D:1      | 463 ||| Stepping ~*~*~tactically~*~*~ (stealth).
   762 | D:1      | Reached XP level 3. HP: 21/21 MP: 7/7
   796 | D:1      | 796 ||| Stepping ~*~*~tactically~*~*~ (stealth).
   908 | D:1      | 908 ||| Stepping ~*~*~tactically~*~*~ (hiding).
   912 | D:1      | Reached skill level 4 in Axes
  1210 | D:1      | 1210 ||| Stepping ~*~*~tactically~*~*~ (stealth).
  1335 | D:1      | 1335 ||| UPGRADING to +0 chain mail.
  1345 | D:1      | 1345 ||| DROPPING +0 leather armour.
  1346 | D:1      | 1346 ||| UPGRADING to ring of willpower.
  1347 | D:1      | 1347 ||| READING scroll labelled HUIDWU MARITU.
  1348 | D:1      | 1348 ||| READING 2 scrolls labelled VEFIGACACS.
  1352 | D:1      | 1352 ||| READING scroll labelled DELINUOGYG.
  1353 | D:1      | 1353 ||| READING scroll labelled GOJOYS KIBEEZ.
  1354 | D:1      | 1354 ||| READING scroll labelled UWNICY GOLEXIS.
  1355 | D:1      | 1355 ||| DROPPING scroll of blinking.
  1356 | D:1      | 1356 ||| READING scroll of teleportation.
  1387 | D:2      | 1387 ||| STAIRDANCE
  1397 | D:2      | 1397 ||| STAIRDANCE
  1660 | D:2      | Reached XP level 4. HP: 26/26 MP: 8/8
  1835 | D:2      | Found a faded altar of an unknown god.
  2092 | D:2      | 2092 ||| UPGRADING to ring of protection from cold.
  2093 | D:2      | 2093 ||| READING scroll labelled ENKODISESA.
  2094 | D:2      | 2094 ||| DRINKING 2 sedimented white potions.
  2095 | D:2      | 2095 ||| DROPPING potion of attraction.
  2347 | D:2      | 2347 ||| STAIRDANCE
  2422 | D:2      | 2422 ||| DROPPING +0 club.
  2451 | D:2      | 2451 ||| Stepping ~*~*~tactically~*~*~ (stealth).
  2467 | D:2      | 2467 ||| Stepping ~*~*~tactically~*~*~ (hiding).
  2476 | D:2      | Reached skill level 5 in Axes
  2782 | D:2      | Found a runed translucent door.
  2783 | D:2      | Noticed Crazy Yiuf
  2915 | D:2      | 2915 ||| DRINKING 3 smoky dark potions.
  3087 | D:3      | 3087 ||| Stepping ~*~*~tactically~*~*~ (stealth).
  3088 | D:3      | You fall into a shaft and drop 2 floors!
  3088 | D:5      | Entered Level 5 of the Dungeon
  3091 | D:5      | Noticed a yak
  3091 | D:5      | Noticed a yak
  3091 | D:5      | Noticed a yak
  3092 | D:5      | Noticed a yak
  3093 | D:5      | Noticed a yak
  3095 | D:5      | Noticed a yak
  3096 | D:5      | 3096 ||| Stepping ~*~*~tactically~*~*~ (stealth).
  3104 | D:5      | HP: 3/26 [yak (12)]
  3105 | D:5      | Slain by a yak

Levels and vault maps discovered:
D:1:      sevenhm_arrival_forest_fort_large_4, layout_loops_corners
D:2:      layout_basic, hellmonk_ecumenical_altar_slurped_away,
          uniq_crazy_yiuf_cottage
D:3:      layout_basic, kennysheep_decorative_pillar, lemuel_flame_loot_1,
          uniq_grinder, uniq_terence, uniq_natasha
D:5:      layout_loops_ring, minmay_temple_entry_wispy, uniq_menkaure,
          uniq_blork_the_orc, uniq_ijyb, uniq_pikel

Skill      XL: |  1  2  3  4 |
---------------+-------------+-----
Axes           | 3 4 5 |  5.0
Fighting       | |  2.0
Throwing       | |  1.0
Armour         | |  1.1
Dodging        | |  2.1
Spellcasting   | |  2.0
Translocations | |  2.4

Action                   |  1- 3 |  4- 6 || total
-------------------------+-------+-------++-------
Melee: Hand axe          |    82 |    43 ||   125
       Kick              |    16 |     9 ||    25
       Peck              |     8 |    13 ||    21
       Punch             |     1 |     1 ||     2
Throw: Boomerang         |     7 |       ||     7
  Use: Scroll            |     6 |     1 ||     7
       Potion            |       |     2 ||     2
Armor: Leather armour    |    16 |       ||    16
       Chain mail        |    12 |    18 ||    30
Dodge: Dodged            |    40 |     8 ||    48

Table legend:
 A = Non-vault XP
 B = Vault XP
 C = Vault XP percentage of total XP
 D = Non-vault monster count
 E = Vault monster count
 F = Vault count percentage of total count
                 A         B        C        D         E       F
            +---------+---------+-------+---------+---------+-------
      Total |     118 |       2 |   1.7 |      50 |       1 |   2.0
            +---------+---------+-------+---------+---------+-------
        D:1 |      58 |       0 |   0.0 |      30 |       0 |   0.0
        D:2 |      60 |       2 |   3.2 |      20 |       1 |   4.8
            +---------+---------+-------+---------+---------+-------
